 Dungeon Crawl Stone Soup version 0.22.1-1-ga44c0e5 (webtiles) character file.

195 whitewolfNL the Slasher (level 5, -10/45 HPs)
             Began as a Hill Orc Fighter on Sept 25, 2018.
             Mangled by Crazy Yiuf
             ... wielding a +4 quarterstaff of chaos
              (12 damage)
             ... on level 3 of the Dungeon.
             The game lasted 00:18:57 (3054 turns).

whitewolfNL the Slasher (Hill Orc Fighter)          Turns: 3054, Time: 00:18:58

Health: -10/45     AC: 10    Str: 25    XL:     5   Next: 74%
Magic:  5/5        EV:  6    Int:  8    God:
Gold:   128        SH: 10    Dex: 10    Spells: 4/4 levels left

rFire    . . .     SeeInvis .   h - -1 short sword (curse)
rCold    . . .     Gourm    .   E - +0 shield
rNeg     . . .     Faith    .   f - +0 chain mail
rPois    .         Spirit   .   D - +0 helmet
rElec    .         Reflect  .   (no cloak)
rCorr    .         Harm     .   (no gloves)
MR       .....                  (no boots)
Stlth    ..........             p - amulet of regeneration
HPRegen  0.55/turn              (no ring)
MPRegen  0.09/turn              (no ring)

@: mighty, lethally poisoned (-10 -> -11)
A: no striking features
a: no special abilities


You were on level 3 of the Dungeon.
You were hungry.

You visited 1 branch of the dungeon, and saw 3 of its levels.

You collected 128 gold pieces.

Inventory:

Hand Weapons
 a - a +0 long sword
 b - a +0 dagger
 g - a +0 short sword of holy wrath
 h - a cursed -1 short sword (weapon)
 j - a +0 dagger
 o - a +0 club
 r - a +0 hunting sling
 t - a +0 club
 u - a +0 club
 x - a +0 whip
 y - a +0 rapier
 z - a +0 spear
 A - a +0 club
 B - a +1 spear of flaming
 C - a +0 dagger
 G - a +0 short sword
 J - a +0 club
 O - a +0 club
 P - a +0 club
 R - a +0 blowgun
 S - a +0 club
Missiles
 e - 48 sling bullets
 i - 90 bolts
 n - 171 stones (quivered)
 F - 73 arrows
 T - 15 poisoned needles
Armour
 f - a +0 chain mail (worn)
 D - a +0 helmet (worn)
 E - a +0 shield (worn)
 M - a +0 large shield
Jewellery
 p - an amulet of regeneration (around neck)
Wands
 q - a wand of polymorph (14)
Scrolls
 k - a scroll of fog {unknown}
 v - a scroll of teleportation
 w - a scroll of fear {unknown}
 Q - a scroll of remove curse {unknown}
 U - a scroll of enchant armour
Potions
 l - a potion of agility
 m - a potion of lignification {unknown}
 s - 2 potions of brilliance {unknown}
 H - a potion of flight {unknown}
 I - a potion of curing {unknown}
 N - a potion of invisibility
 V - a potion of haste {unknown}
Comestibles
 c - 4 chunks of flesh


   Skills:
 - Level 3.6 Fighting
 * Level 4.9 Long Blades
 - Level 4.3 Armour
 - Level 4.2 Shields


You had 4 spell levels left.
You didn't know any spells.
Your spell library was empty.

Dungeon Overview and Level Annotations

Branches:
Dungeon (3/15)

Altars:
Kikubaaqudgha
Ru
Sif Muna
Uskayaw
The Shining One

Annotations:
D:3 Crazy Yiuf


Message History

You feel sick. You block Crazy Yiuf's attack.
You hit Crazy Yiuf.
Crazy Yiuf is severely wounded.
You feel sick. You block Crazy Yiuf's attack.
Your chain mail prevents you from hitting Crazy Yiuf.
Crazy Yiuf is severely wounded.
You feel sick. Crazy Yiuf hits you but does no damage.
You are electrocuted!
* * * LOW HITPOINT WARNING * * *
You hit Crazy Yiuf.
Crazy Yiuf is almost dead.
You feel sick. You block Crazy Yiuf's attack.
You feel very mighty all of a sudden.
You feel sick.
Crazy Yiuf says, "Gum sallow noodlescoop!"
Crazy Yiuf completely misses you.
You closely miss Crazy Yiuf.
Crazy Yiuf is almost dead.
You feel sick.
Crazy Yiuf hits you with a quarterstaff of chaos!
You die...

##########...................
#................>......#...#
#.########...).....####.#._.#
#.# ########### #.#...# #.#
#.##### #.###♣♣♣♣♣ #.##Z##
#.#..♣.♣.♣♣♣ #### #.#####
#...)...♣..♣#...# ..#####
#..))..♣♣♣♣†@g..# #. ##....♣♣
♣♣#..)# #. ####♣♣ #### #. #.
#. #. #. #. ##


You could see Crazy Yiuf.

Vanquished Creatures
  Jessica (D:2)
  Natasha (twice) (D:2)
  Robin (D:3)
  A gnoll (D:1)
  3 adders
  An ooze (D:2)
  An adder skeleton (D:2)
  A worm (D:3)
  2 leopard geckos (D:3)
  A giant cockroach (D:2)
  9 goblins
  13 hobgoblins
  4 jackals (D:3)
  A ball python (D:3)
  6 bats
  3 frilled lizards
  6 kobolds
  5 rats
61 creatures vanquished.

Vanquished Creatures (others)
  A human (D:3)
1 creature vanquished.

Grand Total: 62 creatures vanquished

Notes
Turn   | Place    | Note
-------+----------+-------------------------------------------
     0 | D:1      | whitewolfNL the Hill Orc Fighter began the quest for the
                  | Orb.
     0 | D:1      | Reached XP level 1. HP: 19/19 MP: 1/1
   386 | D:1      | Reached XP level 2. HP: 26/26 MP: 2/2
   741 | D:2      | Noticed Jessica
   762 | D:2      | Killed Jessica
   762 | D:2      | Reached XP level 3. HP: 15/31 MP: 3/3
  1102 | D:2      | Reached XP level 4. HP: 33/39 MP: 4/4
  1228 | D:2      | Found a glowing golden altar of the Shining One.
  1498 | D:2      | Found a sacrificial altar of Ru.
  1499 | D:2      | Found a hide-covered altar of Uskayaw.
  1502 | D:2      | Found a deep blue altar of Sif Muna.
  1594 | D:2      | Noticed Natasha
  1616 | D:2      | You fall through a shaft!
  1825 | D:3      | Found an ancient bone altar of Kikubaaqudgha.
  2001 | D:2      | Killed Natasha
  2101 | D:2      | Noticed Natasha
  2134 | D:2      | Killed Natasha
  2134 | D:2      | Reached XP level 5. HP: 21/45 MP: 5/5
  2565 | D:3      | Noticed Robin
  2625 | D:3      | Killed Robin
  2933 | D:3      | Noticed a human
  2934 | D:3      | Killed a human
  3032 | D:3      | Found a runed door.
  3036 | D:3      | Noticed Crazy Yiuf
  3053 | D:3      | HP: 2/45 [poisoned by Crazy Yiuf]
  3054 | D:3      | Mangled by Crazy Yiuf

Skill      XL: |  1  2  3  4 |
---------------+-------------+-----
Long Blades    | 3 4 |  4.9
Shields        | 4 |  4.2
Armour         | 4 |  4.3
Fighting       | |  3.6

Action                   |  1- 3 |  4- 6 || total
-------------------------+-------+-------++-------
Melee: Long sword        |    27 |       ||    27
       Short sword       |    19 |   309 ||   328
  Use: Potion            |       |     2 ||     2
       Scroll            |       |     2 ||     2
  Eat: Ration            |       |     2 ||     2
Armor: Scale mail        |    12 |       ||    12
       Chain mail        |     8 |   178 ||   186
Dodge: Dodged            |    12 |    79 ||    91
Block: Shield            |    13 |   182 ||   195
